[ AOE2 MATCH · #504810809 ]
UnrankedBritons vs Slavs
Player's team · LOSS
Rival team · WIN
[ REPLAY ANALYSIS · EXTRACTED FROM THE RECORDED GAME ]
Feudal
12:13
Castle
16:48
Imperial
37:15
| APM avg | 78.0 |
| APM peak | 136 |
| eAPM avg | 33.7 |
| Villagers / military | 164 / 385 |
Focus
⚔️ 31.9% · 🌾 68.1%
Scout Cavalry ×197 · Archer ×151 · Spearman ×21 · Knight ×8 · Militia ×3 · Longbowman ×2
Feudal
8:52
Castle
18:00
Imperial
33:04
| APM avg | 50.5 |
| APM peak | 79 |
| eAPM avg | 25.0 |
| Villagers / military | 192 / 224 |
Focus
⚔️ 34.2% · 🌾 65.8%
Skirmisher ×111 · Knight ×98 · Monk ×5 · Battering Ram ×5 · Trebuchet (Packed) ×4 · Spearman ×1
Match map
Initial resources + every placement click. Lines = walls · curves = elevation contours. ◆ gold · ⬟ stone · ● berries · ✦ relic · ◌ wall gap
Your base· ✓ Closed at 16:48 · 37t walls · 2 gate(s)
nlp's base· Open — opponent sealed themselves in
Smoothed initial terrain · ◌ = detected wall gap · hover for details
Inputs per minute
— Gil-galad - - nlp
Build order — Gil-galad
First 150 of 546 actions detected
| 0:00 | Create | Villager (Male) |
| 0:00 | Create | Villager (Male) |
| 0:00 | Create | Villager (Male) |
| 0:01 | Create | Villager (Male) |
| 0:01 | Build | House |
| 0:02 | Build | House |
| 1:19 | Create | Villager (Male) |
| 1:40 | Create | Villager (Male) |
| 1:40 | Create | Villager (Male) |
| 1:46 | Build | Lumber Camp |
| 2:09 | Create | Villager (Male) |
| 2:29 | Create | Villager (Male) |
| 2:29 | Create | Villager (Male) |
| 2:45 | Create | Villager (Male) |
| 2:45 | Create | Villager (Male) |
| 3:09 | Create | Villager (Male) |
| 3:09 | Create | Villager (Male) |
| 3:48 | Create | Villager (Male) |
| 3:49 | Create | Villager (Male) |
| 3:51 | Build | House |
| 4:17 | Create | Villager (Male) |
| 4:17 | Create | Villager (Male) |
| 4:24 | Build | Barracks |
| 4:32 | Create | Villager (Male) |
| 4:33 | Create | Villager (Male) |
| 4:33 | Create | Villager (Male) |
| 4:54 | Build | House |
| 5:22 | Create | Militia |
| 5:22 | Create | Militia |
| 5:29 | Create | Villager (Male) |
| 5:48 | Create | Militia |
| 6:01 | Create | Villager (Male) |
| 6:07 | Build | Mining Camp |
| 6:10 | Create | Villager (Male) |
| 6:10 | Create | Villager (Male) |
| 6:44 | Build | House |
| 6:53 | Create | Villager (Male) |
| 6:53 | Create | Villager (Male) |
| 7:17 | Create | Villager (Male) |
| 7:19 | Build | Mill |
| 7:24 | Build | Palisade Wall |
| 7:30 | Create | Villager (Male) |
| 7:39 | Build | Palisade Wall |
| 7:44 | Build | Palisade Gate |
| 7:53 | Create | Villager (Male) |
| 8:08 | Build | Palisade Wall |
| 8:09 | Build | Palisade Wall |
| 8:13 | Build | Palisade Gate |
| 8:24 | Build | Palisade Wall |
| 8:25 | Create | Villager (Male) |
| 8:37 | Build | Farm |
| 9:02 | Build | Palisade Wall |
| 9:18 | Build | Farm |
| 9:19 | Create | Villager (Male) |
| 9:28 | Build | House |
| 9:34 | Research | Loom |
| 9:43 | Build | Farm |
| 9:49 | Research | Feudal Age |
| 10:08 | Build | Farm |
| 10:23 | Build | House |
| 10:37 | Create | Villager (Male) |
| 11:01 | Build | Farm |
| 11:03 | Build | Farm |
| 11:03 | Create | Villager (Male) |
| 11:13 | Build | Farm |
| 12:13 | Age | Feudal Age |
| 12:15 | Build | Archery Range |
| 12:48 | Build | Blacksmith |
| 13:00 | Create | Villager (Male) |
| 13:23 | Create | Archer |
| 13:24 | Create | Archer |
| 13:39 | Create | Villager (Male) |
| 13:43 | Create | Archer |
| 13:53 | Build | Archery Range |
| 14:08 | Research | Castle Age |
| 14:09 | Research | Castle Age |
| 14:17 | Build | House |
| 14:43 | Research | Double-Bit Axe |
| 14:47 | Create | Archer |
| 14:50 | Create | Archer |
| 14:52 | Build | House |
| 14:56 | Build | Farm |
| 15:16 | Research | Fletching |
| 15:19 | Create | Archer |
| 15:19 | Create | Archer |
| 15:32 | Create | Villager (Male) |
| 15:38 | Create | Archer |
| 15:44 | Build | House |
| 15:57 | Create | Archer |
| 16:22 | Create | Archer |
| 16:25 | Create | Villager (Male) |
| 16:48 | Age | Castle Age |
| 16:51 | Research | Bodkin Arrow |
| 17:18 | Create | Villager (Male) |
| 17:22 | Research | Crossbowman (upgrade) |
| 17:23 | Research | Crossbowman (upgrade) |
| 17:39 | Create | Villager (Male) |
| 17:42 | Build | Farm |
| 17:42 | Build | Farm |
| 17:47 | Build | Town Center |
| 17:51 | Create | Villager (Male) |
| 17:52 | Create | Archer |
| 17:52 | Create | Archer |
| 17:56 | Create | Archer |
| 17:57 | Create | Villager (Male) |
| 18:17 | Build | Stable |
| 18:31 | Create | Archer |
| 18:53 | Create | Villager (Male) |
| 18:54 | Create | Archer |
| 18:54 | Create | Archer |
| 19:11 | Create | Villager (Male) |
| 19:17 | Build | Farm |
| 19:18 | Build | Farm |
| 19:24 | Create | Villager (Male) |
| 19:28 | Create | Knight |
| 19:31 | Build | Farm |
| 19:32 | Build | Farm |
| 19:34 | Build | Farm |
| 19:57 | Create | Knight |
| 19:59 | Build | Farm |
| 20:01 | Build | Farm |
| 20:02 | Build | Farm |
| 20:04 | Build | Farm |
| 20:09 | Create | Villager (Male) |
| 20:11 | Create | Archer |
| 20:12 | Create | Archer |
| 20:27 | Build | Farm |
| 20:37 | Create | Villager (Male) |
| 20:37 | Create | Villager (Male) |
| 20:44 | Create | Villager (Male) |
| 20:45 | Create | Villager (Male) |
| 20:46 | Build | Farm |
| 20:49 | Build | Farm |
| 20:50 | Build | Farm |
| 20:50 | Build | Farm |
| 20:56 | Create | Archer |
| 20:57 | Create | Archer |
| 20:58 | Create | Archer |
| 21:01 | Create | Villager (Male) |
| 21:02 | Create | Villager (Male) |
| 21:04 | Create | Villager (Male) |
| 21:04 | Create | Villager (Male) |
| 21:15 | Build | Farm |
| 21:26 | Create | Archer |
| 21:29 | Create | Villager (Male) |
| 21:30 | Create | Villager (Male) |
| 21:32 | Build | House |
| 21:36 | Create | Villager (Male) |
| 21:36 | Create | Villager (Male) |
| 21:36 | Create | Villager (Male) |
Build order — nlp
First 150 of 502 actions detected
| 0:00 | Create | Villager (Male) |
| 0:01 | Create | Villager (Male) |
| 0:02 | Build | House |
| 0:03 | Build | House |
| 0:10 | Create | Villager (Male) |
| 0:16 | Create | Villager (Male) |
| 1:24 | Create | Villager (Male) |
| 1:50 | Create | Villager (Male) |
| 1:55 | Build | Lumber Camp |
| 2:24 | Create | Villager (Male) |
| 2:53 | Create | Villager (Male) |
| 3:17 | Create | Villager (Male) |
| 3:34 | Create | Villager (Male) |
| 3:52 | Build | House |
| 4:00 | Create | Villager (Male) |
| 4:04 | Create | Villager (Male) |
| 4:23 | Build | Palisade Wall |
| 4:26 | Create | Villager (Male) |
| 5:11 | Create | Villager (Male) |
| 5:14 | Build | Palisade Wall |
| 5:16 | Build | Palisade Wall |
| 5:18 | Create | Villager (Male) |
| 5:25 | Build | Palisade Wall |
| 5:25 | Create | Villager (Male) |
| 5:32 | Build | Mill |
| 5:49 | Research | Loom |
| 6:27 | Build | Palisade Wall |
| 6:42 | Research | Feudal Age |
| 6:42 | Research | Feudal Age |
| 7:10 | Build | Lumber Camp |
| 7:16 | Build | House |
| 7:19 | Create | Villager (Male) |
| 7:35 | Build | House |
| 8:24 | Build | Barracks |
| 8:52 | Age | Feudal Age |
| 9:03 | Research | Double-Bit Axe |
| 9:10 | Create | Villager (Male) |
| 9:18 | Build | Archery Range |
| 9:26 | Create | Villager (Male) |
| 9:45 | Create | Spearman |
| 9:49 | Create | Villager (Male) |
| 9:54 | Build | House |
| 10:02 | Create | Skirmisher |
| 10:07 | Build | House |
| 10:09 | Create | Villager (Male) |
| 10:14 | Research | Horse Collar |
| 10:21 | Research | Double-Bit Axe |
| 10:44 | Create | Villager (Male) |
| 10:49 | Build | House |
| 10:58 | Create | Villager (Male) |
| 11:00 | Build | Farm |
| 11:02 | Build | Farm |
| 11:03 | Build | Farm |
| 11:11 | Build | Farm |
| 11:16 | Create | Villager (Male) |
| 11:23 | Build | Farm |
| 11:54 | Build | Mining Camp |
| 11:59 | Create | Villager (Male) |
| 12:15 | Build | Farm |
| 12:26 | Create | Villager (Male) |
| 12:42 | Build | Blacksmith |
| 12:46 | Create | Villager (Male) |
| 12:51 | Research | Wheelbarrow |
| 12:51 | Research | Wheelbarrow |
| 12:58 | Build | Farm |
| 13:26 | Build | Farm |
| 14:40 | Create | Villager (Male) |
| 15:14 | Build | Farm |
| 15:20 | Research | Castle Age |
| 15:44 | Create | Skirmisher |
| 15:44 | Create | Skirmisher |
| 15:57 | Build | Farm |
| 16:07 | Create | Skirmisher |
| 16:07 | Create | Skirmisher |
| 16:08 | Create | Skirmisher |
| 16:20 | Build | House |
| 16:22 | Build | House |
| 16:27 | Create | Skirmisher |
| 16:34 | Create | Villager (Male) |
| 16:47 | Research | Fletching |
| 17:00 | Research | Padded Archer Armor |
| 17:12 | Build | House |
| 17:15 | Build | House |
| 17:20 | Build | House |
| 18:00 | Age | Castle Age |
| 18:07 | Research | Elite Skirmisher (upgrade) |
| 18:12 | Research | Bodkin Arrow |
| 18:13 | Create | Villager (Male) |
| 18:18 | Create | Villager (Male) |
| 18:39 | Create | Villager (Male) |
| 18:45 | Create | Villager (Male) |
| 18:52 | Create | Villager (Male) |
| 18:57 | Create | Villager (Male) |
| 19:18 | Create | Villager (Male) |
| 19:20 | Build | Town Center |
| 19:25 | Create | Villager (Male) |
| 19:27 | Build | Monastery |
| 19:32 | Build | Farm |
| 19:33 | Build | Farm |
| 19:38 | Build | Farm |
| 19:41 | Build | Farm |
| 19:43 | Build | Farm |
| 19:43 | Create | Villager (Male) |
| 19:56 | Build | Farm |
| 20:03 | Create | Villager (Male) |
| 20:10 | Create | Monk |
| 20:17 | Create | Villager (Male) |
| 20:20 | Build | Farm |
| 20:26 | Create | Villager (Male) |
| 20:26 | Create | Villager (Male) |
| 20:37 | Create | Villager (Male) |
| 20:40 | Build | Archery Range |
| 20:48 | Build | Town Center |
| 20:51 | Create | Villager (Male) |
| 20:52 | Build | Farm |
| 20:55 | Research | Sanctity |
| 20:58 | Create | Skirmisher |
| 21:00 | Build | Farm |
| 21:07 | Create | Villager (Male) |
| 21:17 | Create | Villager (Male) |
| 21:21 | Build | Farm |
| 21:32 | Create | Villager (Male) |
| 21:38 | Create | Skirmisher |
| 21:41 | Build | Farm |
| 21:46 | Create | Villager (Male) |
| 21:50 | Create | Skirmisher |
| 21:53 | Create | Monk |
| 21:56 | Create | Villager (Male) |
| 22:02 | Build | University |
| 22:04 | Build | House |
| 22:09 | Create | Villager (Male) |
| 22:16 | Create | Monk |
| 22:16 | Create | Villager (Male) |
| 22:18 | Build | Farm |
| 22:24 | Create | Villager (Male) |
| 22:51 | Create | Villager (Male) |
| 22:52 | Create | Villager (Male) |
| 22:56 | Create | Villager (Male) |
| 23:21 | Research | Ballistics |
| 23:22 | Research | Ballistics |
| 23:23 | Create | Villager (Male) |
| 23:23 | Create | Villager (Male) |
| 23:29 | Create | Villager (Male) |
| 23:42 | Build | Farm |
| 23:44 | Build | Farm |
| 23:44 | Build | Farm |
| 23:45 | Build | Farm |
| 23:51 | Create | Villager (Male) |
| 23:52 | Create | Villager (Male) |
| 23:52 | Create | Villager (Male) |
Match timeline
| 4:23 | nlp · wall_segment Palisade Wall x7 |
| 4:24 | Gil-galad · first_building Barracks |
| 5:14 | nlp · wall_segment Palisade Wall x6 |
| 5:16 | nlp · wall_segment Palisade Wall x2 |
| 5:25 | nlp · wall_segment Palisade Wall x6 |
| 6:27 | nlp · wall_segment Palisade Wall x7 |
| 7:24 | Gil-galad · wall_segment Palisade Wall x5 |
| 7:39 | Gil-galad · wall_segment Palisade Wall x3 |
| 8:08 | Gil-galad · wall_segment Palisade Wall x4 |
| 8:09 | Gil-galad · wall_segment Palisade Wall x9 |
| 8:24 | Gil-galad · wall_segment Palisade Wall x9 |
| 8:24 | nlp · first_building Barracks |
| 8:52 | nlp · age_up feudal |
| 9:02 | Gil-galad · wall_segment Palisade Wall x8 |
| 9:18 | nlp · first_building Archery Range |
| 12:13 | Gil-galad · age_up feudal |
| 12:15 | Gil-galad · first_building Archery Range |
| 16:48 | Gil-galad · age_up castle |
| 18:00 | nlp · age_up castle |
| 18:17 | Gil-galad · first_building Stable |
| 19:27 | nlp · first_building Monastery |
| 25:12 | Gil-galad · first_market_buy 100 food |
| 28:52 | nlp · first_building Stable |
| 31:47 | nlp · first_building Castle |
| 32:56 | Gil-galad · first_building Monastery |
| 33:04 | nlp · age_up imperial |
| 33:37 | Gil-galad · first_market_sell 500 wood |
| 37:15 | Gil-galad · age_up imperial |
| 40:31 | nlp · first_building Siege Workshop |
| 40:46 | Gil-galad · first_building Castle |
| 49:27 | Gil-galad · resign |
[ AI ANALYSIS · 1 CREDIT ]
What really happened in this match?
Wolo.gg analyzes every decision: build order, eco, micro, common mistakes by bracket. Personalized analysis on WhatsApp or Discord in 30 seconds.
Civ guide
Britons
Perfil
Jugador #322559